 Dungeon Crawl Stone Soup version 0.28-a0-664-gc179e30c89 (webtiles) character file.

Game seed: 6808836904564352435

72 BlueGoblin the Sneak (level 4, -1/23 HPs)
             Began as a Spriggan Brigand on Oct 16, 2021.
             Slain by an orc priest (4 damage)
             ... on level 2 of the Dungeon.
             The game lasted 00:03:20 (2750 turns).

BlueGoblin the Sneak (Spriggan Brigand)             Turns: 2750, Time: 00:03:22

Health: -1/23      AC:  3    Str:  7    XL:     4   Next: 7%
Magic:  5/5        EV: 19    Int: 12    God:
Gold:   39         SH:  0    Dex: 17    Spells: 3/3 levels left

rFire   . . .      SeeInvis +   a - +2 dagger
rCold   . . .      Faith    .   (shield restricted)
rNeg    . . .      Spirit   .   b - +0 robe
rPois   .          Reflect  .   (helmet restricted)
rElec   .          Harm     .   c - +0 cloak
rCorr   .          Rampage  .   (gloves unavailable)
Will    .....                   (boots unavailable)
Stlth   +++.......              (no amulet)
HPRegen 0.07/turn               (no ring)
MPRegen 0.09/turn               (no ring)

@: very quick
A: very small, no large weapons, unfitting armour, see invisible, speed 3
a: no special abilities


You were on level 2 of the Dungeon.
You visited 1 branch of the dungeon, and saw 3 of its levels.

You collected 39 gold pieces.

Inventory:

Hand Weapons
 a - a +2 dagger (weapon)
 j - a +1 vorpal hunting sling
Missiles
 d - 23 poisoned darts (quivered)
 e - 2 curare-tipped darts
 i - 18 sling bullets
 k - 46 bolts
Armour
 b - a +0 robe (worn)
 c - a +0 cloak (worn)
Jewellery
 n - a ring of poison resistance
Scrolls
 f - 4 scrolls of identify {unknown}
 g - a scroll of magic mapping {unknown}
Potions
 h - a potion of invisibility {unknown}
 l - a potion of brilliance {unknown}
 m - a potion of ambrosia {unknown}


   Skills:
 - Level 1.7 Fighting
 - Level 2.2 Short Blades
 - Level 2.1 Throwing
 * Level 4.3 Dodging
 - Level 6.5 Stealth


You had 3 spell levels left.
You didn't know any spells.
Your spell library contained the following spells:

 Spells                   Type           Power      Damage    Failure   Level
 Foxfire                  Conj/Fire      0%         2x1d4     32%         1
 Conjure Flame            Conj/Fire      0%         6-21      69%         3
 Gell's Gravitas          Tloc           0%         N/A       69%         3
 Inner Flame              Hex/Fire       0%         N/A       69%         3
 Lesser Beckoning         Tloc           0%         N/A       69%         3
 Teleport Other           Tloc           0%         N/A       69%         3
 Flame Wave               Conj/Fire      0%         3d3       97%         4


Dungeon Overview and Level Annotations

Branches:
Dungeon (3/15)

Altars:

Annotations:
D:3 Robin


Innate Abilities, Weirdness & Mutations

You are very small and have problems with some larger weapons.
You are too small for most types of armour.
You have supernaturally acute eyesight. (SInv)
You cover ground extremely quickly. (Speed+++)


Message History

HP restored.
Things that are here:
a +0 dagger; a goblin corpse
Things that are here:
a +0 club; a +0 club; a goblin corpse Done exploring.
Done exploring.
Search for what [Enter for "."]? .
Things that are here:
a +0 club; a +0 club
There is a stone staircase leading down here.
You climb downwards.
Level annotation: Robin Robin roars a battlecry!
The goblins go into a battle-frenzy!
The goblin misses you. The hobgoblin closely misses you.
The kobold closely misses you. The goblin closely misses you.
There is a stone staircase leading up here.
The orc priest misses you. The hobgoblin barely misses you.
The kobold hits you but does no damage. The goblin closely misses you.
You climb upwards.
There is a stone staircase leading down here.
You closely miss the orc priest. The orc priest misses you.
The hobgoblin hits you. The kobold barely misses you.
You closely miss the orc priest. The goblin closely misses you.
The orc priest completely misses you. The hobgoblin hits you.
You hit the orc priest.
The orc priest is moderately wounded.
The kobold hits you with a +0 dagger. The goblin closely misses you.
The orc priest hits you with a +0 whip!
* * * LOW HITPOINT WARNING * * *
The hobgoblin closely misses you.
You closely miss the orc priest.
The orc priest is moderately wounded.
The kobold hits you with a +0 dagger.
* * * LOW HITPOINT WARNING * * *
The goblin hits you with a +0 dagger.
* * * LOW HITPOINT WARNING * * *
The orc priest hits you with a +0 whip.
You die...

##### #...# ###### #...#
.....######...# #####
......(...#...#### #...#
)).............g@#####.#.#
.###.####.....#Kog.....#.#
<# #.# ##....#........#.#
####'## #..÷.#.......##.#
......####....#.......+..#
......+..[....#.......####
......####....##'##+###
......##......#.....#
#'##.###.###†##..####


You could see an orc priest, a hobgoblin (strong), a goblin (strong) and a
kobold.

Vanquished Creatures
  An adder (D:2)
  2 dart slugs (D:2)
  2 endoplasms (D:1)
  3 giant cockroaches
  6 hobgoblins
  4 quokkas
  5 ball pythons (D:1)
  8 bats
  4 frilled lizards
  11 goblins
  3 kobolds (D:1)
  7 rats
56 creatures vanquished.

Notes
Turn   | Place    | Note
-------+----------+-------------------------------------------
     0 | D:1      | BlueGoblin the Spriggan Brigand began the quest for the
                  | Orb.
     0 | D:1      | Reached XP level 1. HP: 10/10 MP: 2/2
   369 | D:1      | Reached skill level 6 in Stealth
   525 | D:1      | Reached XP level 2. HP: 12/15 MP: 3/3
   999 | D:1      | Found a faded altar of an unknown god.
  1217 | D:2      | Reached XP level 3. HP: 18/18 MP: 4/4
  1781 | D:3      | Noticed Robin
  2376 | D:2      | Reached XP level 4. HP: 7/23 MP: 5/5
  2750 | D:2      | Slain by an orc priest

Illustrated notes

Levels and vault maps discovered:
D:1:      minmay_arrival_shoal_huts, layout_basic, basic_ecumenical_altar
D:2:      layout_basic
D:3:      layout_rooms, mainiacjoe_overflow_surrounded_room, uniq_robin

Skill      XL: |  1  2  3 |
---------------+----------+-----
Stealth        | 6 |  6.5
Dodging        | 3 4 |  4.3
Fighting       | |  1.7
Short Blades   | |  2.2
Throwing       | |  2.1

Action                   |  1- 3 |  4- 6 || total
-------------------------+-------+-------++-------
Melee: Dagger            |   176 |    12 ||   188
 Stab: Sleeping          |    10 |       ||    10
       Distracted        |     1 |       ||     1
Armor: Robe              |    42 |     3 ||    45
Dodge: Dodged            |   220 |    19 ||   239

Table legend: (Time is in decaauts)
 A = Elapsed time spent in this place.
 B = Non-inter-level travel time spent in this place.
 C = Inter-level travel time spent in this place.
 D = Time resting spent in this place.
 E = Time spent auto-exploring this place.
 F = Levels seen in this place.
 G = Mean time per level.
                   A        B        C        D        E       F      G
               +--------+--------+--------+--------+--------+-----+--------+
         Total |   2261 |   2196 |     65 |    816 |    943 |   3 |  753.7 |
       Dungeon |   2261 |   2196 |     65 |    816 |    943 |   3 |  753.7 |
               +--------+--------+--------+--------+--------+-----+--------+

Top non-repeatable levels by time:
     D:1: 1355 daAuts
     D:2: 863 daAuts
     D:3: 43 daAuts
